 Dungeon Crawl Stone Soup version 0.18.1-8-gdd0e5ea (webtiles) character file.

91 Wooh the Ducker (level 4, -2/30 HPs)
             Began as a Halfling Fighter on May 28, 2016.
             Was an Initiate of Okawaru.
             Slain by an orc
             ... wielding a +0 hand axe
              (4 damage)
             ... on level 3 of the Dungeon.
             The game lasted 00:04:53 (2154 turns).

Wooh the Ducker (Halfling Fighter)                  Turns: 2154, Time: 00:04:55

Health: -2/30      AC:  3    Str: 16    XL:     4   Next: 88%
Magic:  4/4        EV: 10    Int:  7    God:    Okawaru [......]
Gold:   100        SH: 10    Dex: 19    Spells: 0 memorised, 3 levels left

rFire  . . .     SeeInvis .     r - +0 dagger (elec)
rCold  . . .     Gourm    .     o - +0 robe (curse)
rNeg   . . .     Faith    .     c - +0 shield
rPois  .         Spirit   .     (no helmet)
rElec  .         Dismiss  .     h - +0 cloak
rCorr  .         Reflect  .     (no gloves)
SustAt .         Harm     .     (no boots)
MR     .....                    (no amulet)
Stlth  ++........               (no ring)
                                e - +5 ring of dexterity

@: not resistant to hostile enchantments, unstealthy
A: mutation resistance 1
a: Renounce Religion


You were on level 3 of the Dungeon.
You worshipped Okawaru.
Okawaru was noncommittal.
You were not hungry.

You visited 1 branch of the dungeon, and saw 3 of its levels.

You collected 100 gold pieces.

Inventory:

Hand Weapons
 a - a +0 rapier
 r - a +0 dagger of electrocution (weapon)
Missiles
 i - 21 arrows
 s - 13 poisoned needles
Armour
 b - a +0 scale mail
 c - a +0 shield (worn)
 h - a +0 cloak (worn)
 o - a cursed +0 robe (worn)
Jewellery
 e - a +5 ring of dexterity (left hand)
Scrolls
 g - a scroll of identify {unknown}
 n - a scroll of amnesia {unknown}
 p - a scroll of remove curse {unknown}
 u - a scroll of noise {unknown}
 v - 3 scrolls of random uselessness {unknown}
 w - a scroll of teleportation {unknown}
Potions
 d - a potion of might
 j - a potion of haste {unknown}
 l - a potion of heal wounds {unknown}
 q - a potion of curing {unknown}
Comestibles
 f - 2 bread rations
 k - a beef jerky
 m - a meat ration


   Skills:
 - Level 2.9 Fighting
 - Level 2.6 Short Blades
 - Level 3.4 Armour
 + Level 4.0 Dodging
 - Level 3.4 Shields


You had 3 spell levels left.
You didn't know any spells.

Dungeon Overview and Level Annotations

Branches:
Dungeon (3/15)

Altars:
Ashenzari
Gozag
Okawaru
Xom


Innate Abilities, Weirdness & Mutations

You are small and have problems with some larger weapons.
You are somewhat resistant to further mutation.


Message History

You hit the worm.
You kill the worm!
Okawaru accepts your kill.
Your Dodging skill increases to level 4!
No target in view!
There is an escape hatch in the ceiling here.
There is a stone staircase leading down here.
You climb downwards.
You block the orc's attack. The orc hits you with a mace.
The giant gecko bites you.
The gnoll hits you from afar with a spear. x2
You block the orc's attack. The giant gecko closely misses you.
The orc barely misses you.
There is a stone staircase leading up here.
The orc barely misses you. You block the gnoll's attack.
The gnoll hits you from afar with a spear!
* * * LOW HITPOINT WARNING * * *
The giant gecko bites you.
* * * LOW HITPOINT WARNING * * *
The orc hits you with a hand axe.
You die...

........(######
...............
...............
...............
........<......
.....g.g.......
#...ggolo.)....
#o@oo.....
##########


You could see 4 gnolls, 5 orcs and a giant gecko.

Vanquished Creatures
  Terence (D:2)
  An adder (D:2)
  3 worms (D:2)
  3 dart slugs
  2 giant geckos (D:2)
  2 giant cockroaches
  2 goblins (D:1)
  2 hobgoblins (D:1)
  3 jackals (D:1)
  A ball python (D:2)
  4 bats
  5 giant newts
  9 kobolds
  6 rats
44 creatures vanquished.

Notes
Turn   | Place    | Note
--------------------------------------------------------------
     0 | D:1      | Wooh the Halfling Fighter began the quest for the Orb.
     0 | D:1      | Reached XP level 1. HP: 15/15 MP: 1/1
   199 | D:1      | Reached XP level 2. HP: 20/20 MP: 2/2
   277 | D:1      | Reached skill level 1 in Dodging
   551 | D:1      | Reached XP level 3. HP: 25/25 MP: 3/3
   568 | D:1      | Reached skill level 2 in Dodging
  1114 | D:2      | Found an opulent altar of Gozag.
  1116 | D:2      | Found an iron altar of Okawaru.
  1116 | D:2      | Found a shimmering altar of Xom.
  1119 | D:2      | Found a shattered altar of Ashenzari.
  1155 | D:2      | Became a worshipper of Warmaster Okawaru
  1346 | D:2      | Noticed Terence
  1377 | D:2      | Killed Terence
  1377 | D:2      | Reached skill level 3 in Dodging
  1377 | D:2      | Reached XP level 4. HP: 14/30 MP: 4/4
  2116 | D:2      | Reached skill level 4 in Dodging
  2154 | D:3      | Slain by an orc

Skill      XL: |  1  2  3  4 |
---------------+-------------+-----
Dodging        | 1 3 4 |  4.0
Fighting       | |  2.9
Short Blades   | |  2.6
Armour         | |  3.4
Shields        | |  3.4

Action                   |  1- 3 |  4- 6 || total
-------------------------+-------+-------++-------
Melee: Rapier            |    84 |       ||    84
       Dagger            |    38 |    34 ||    72
 Stab: Distracted        |     1 |       ||     1
       Sleeping          |     1 |       ||     1
  Eat: Chunk             |     1 |     3 ||     4
Armor: Scale mail        |    34 |       ||    34
       Robe              |     3 |     5 ||     8
Dodge: Dodged            |    44 |    17 ||    61
Block: Shield            |    52 |    20 ||    72
